 Dungeon Crawl Stone Soup version 0.31.0-11-ge490571c62 (webtiles) character file.

Game seed: 11643291565462566645

122 qw the Skirmisher (level 4, -1/25 HPs)
             Began as a Deep Elf Hunter on Feb 4, 2024.
             Slain by a cerulean imp
             ... wielding a +0 spear
             ... summoned by Natasha
              (6 damage)
             ... on level 2 of the Dungeon.
             The game lasted 00:00:08 (1852 turns).

qw the Skirmisher (Deep Elf Hunter)                 Turns: 1852, Time: 00:00:08

Health: -1/25      AC:  0    Str: 10    XL:     4   Next: 78%
Magic:  6/6        EV: 20    Int: 14    God:
Gold:   167        SH:  0    Dex: 23    Spells: 3/3 levels left

rFire   . . .        a - melded +0 shortbow
rCold   . . .        (shield currently unavailable)
rNeg    . . .        f - melded +0 scale mail
rPois   .            (helmet currently unavailable)
rElec   .            (cloak currently unavailable)
rCorr   .            (gloves currently unavailable)
SInv    .            i - melded +1 pair of boots
Will    .....        (no amulet)
Stlth   ++           e - melded +5 ring of evasion
HPRegen 0.24/turn    (ring currently unavailable)
MPRegen 0.10/turn

%: no passive effects
@: bat-form (expiring), flying, slowed, quick
A: fast, flying, no casting, tiny
a: no special abilities


You were on level 2 of the Dungeon.
You were a bat.
You visited 1 branch of the dungeon, and saw 3 of its levels.

You collected 167 gold pieces.


   Skills:
 - Level 1.5 Fighting
 + Level 8.2 Ranged Weapons
 - Level 2.4 Dodging
 - Level 1.2 Stealth


You had 3 spell levels left.
You didn't know any spells.
Your spell library was empty.

Inventory:

Hand Weapons
 a - a +0 shortbow (melded)
Armour
 f - a +0 scale mail (melded)
 i - a +1 pair of boots (melded)
Jewellery
 e - a +5 ring of evasion (melded)
Potions
 b - a potion of lignification {unknown}
 c - a potion of resistance {unknown}
 d - a potion of cancellation {unknown}
 g - 2 potions of curing
 h - a potion of heal wounds {unknown}

Dungeon Overview and Level Annotations

Branches:
Dungeon (3/15)

Altars:
Dithmenos

Annotations:
D:2 Natasha
D:3 1 runed translucent door, Crazy Yiuf, Ijyb


Message History

1835 ||| FLEEEEING.
1836 ||| FLEEEEING.
1837 ||| FLEEEEING.
1838 ||| FLEEEEING.
Natasha, Servant of Life and Death comes into view.
Natasha moves out of view.
1839 ||| FLEEEEING.
1840 ||| FLEEEEING.
Natasha stares at you and mumbles some strange words.
The magic dart hits you!
1841 ||| FLEEEEING.
1842 ||| FLEEEEING.
1843 ||| FLEEEEING.
1844 ||| FLEEEEING.
1845 ||| FLEEEEING.
There is a stone staircase leading up here.
1846 ||| STAIRDANCE Your transformation is almost over.
Natasha misses you.
You fly upwards.
There is a stone staircase leading down here.
1848 ||| FLEEEEING.
Natasha mumbles some strange words.
1849 ||| FLEEEEING.
You barely miss the cerulean imp. Natasha claws you.
1850 ||| FLEEEEING.
You hit the cerulean imp.
The cerulean imp is lightly wounded.
The cerulean imp closely misses you.
Natasha stares at you and mumbles some strange words.
The magic dart hits you!
1851 ||| FLEEEEING.
You hit the cerulean imp but do no damage.
The cerulean imp is lightly wounded.
The cerulean imp misses you.
Natasha stares at you and mumbles some strange words.
You feel yourself slow down.
1852 ||| FLEEEEING.
You hit the cerulean imp.
The cerulean imp is moderately wounded.
The cerulean imp hits you with a +0 spear.
You die...

##.......##.# #.#.#.#
#####.##
....####.##.# #.....#
#..# ....###.....#
#...### #..#
...##.(.....####...##
#..#
#.###.#.._....>.....#
#..#
#...........####..#.#
#... #..####.....#
#..#.##########...
#..# ####.##
#5..............#.
...# #.#
#b##.##########.#.
#.## #.# #>h..#
#...... ..# #.#
####.# #.#.### #.#
#.# #.# #.#.## #.#
#.# #.# #.#..## #.#
#.########.# #.#....
#.# #..........#
######% #.#####
##########.#
####...%. ......# #.#
###.....%##


You could see Natasha and a cerulean imp (summoned).

Vanquished Creatures
  Natasha (D:3)
  A gnoll (D:1)
  2 adders (D:2)
  3 dart slugs
  An orc (D:3)
  7 ball pythons
  3 bats
  6 endoplasms
  A giant cockroach (D:2)
  3 goblins
  A hobgoblin (D:2)
  10 jackals
  A quokka (D:1)
  9 frilled lizards
  8 kobolds
  3 rats
60 creatures vanquished.

Notes
Turn   | Place    | Note
-------+----------+-------------------------------------------
     0 | D:1      | qw the Deep Elf Hunter began the quest for the Orb.
     0 | D:1      | Reached XP level 1. HP: 12/12 MP: 3/3
     0 | D:1      | 0 ||| qw: Version: 0.3-a-160-g6735b56
     0 | D:1      | 0 ||| qw: Game counter: 4737
     0 | D:1      | 0 ||| qw: Melee chars always use a shield: true
     0 | D:1      | 0 ||| qw: God list: Okawaru
     0 | D:1      | 0 ||| qw: Allow faded altars: false
     0 | D:1      | 0 ||| qw: Do Orc after clearing Dungeon:15 true
     0 | D:1      | 0 ||| qw: Do second Lair branch before Depths: true
     0 | D:1      | 0 ||| qw: Lair rune preference: random
     0 | D:1      | 0 ||| qw: Goals: Normal
     0 | D:1      | 0 ||| PLANNING D:1-11
   124 | D:1      | HP: 3/12 [jackal (3)]
   190 | D:1      | Reached skill level 6 in Ranged Weapons
   190 | D:1      | Reached XP level 2. HP: 10/16 MP: 4/4
   325 | D:1      | HP: 2/16 [gnoll/+0 flail (9)]
   327 | D:1      | Reached XP level 3. HP: 3/20 MP: 5/5
   699 | D:1      | Reached skill level 7 in Ranged Weapons
   898 | D:1      | 898 ||| UPGRADING to +0 scale mail.
   908 | D:1      | 908 ||| DROPPING +0 leather armour.
   909 | D:1      | 909 ||| UPGRADING to +1 pair of boots.
   914 | D:1      | 914 ||| UPGRADING to +5 ring of evasion.
   915 | D:1      | 915 ||| DRINKING 2 metallic inky potions.
   916 | D:1      | 916 ||| DROPPING scroll of butterflies.
   950 | D:2      | Found a shadowy altar of Dithmenos.
  1030 | D:2      | Reached XP level 4. HP: 25/25 MP: 6/6
  1156 | D:2      | Found a faded altar of an unknown god.
  1643 | D:3      | Found a runed translucent door.
  1644 | D:3      | Noticed Crazy Yiuf
  1695 | D:3      | Noticed Natasha
  1705 | D:3      | HP: 4/25 [Natasha/magic dart (6)]
  1706 | D:3      | Killed Natasha
  1707 | D:3      | Reached skill level 8 in Ranged Weapons
  1813 | D:3      | Noticed Ijyb
  1816 | D:3      | 1816 ||| FLEEEEING.
  1817 | D:3      | 1817 ||| FLEEEEING.
  1818 | D:3      | 1818 ||| FLEEEEING.
  1819 | D:3      | 1819 ||| FLEEEEING.
  1820 | D:3      | 1820 ||| FLEEEEING.
  1821 | D:3      | 1821 ||| FLEEEEING.
  1822 | D:3      | 1822 ||| FLEEEEING.
  1823 | D:3      | 1823 ||| FLEEEEING.
  1824 | D:3      | 1824 ||| FLEEEEING.
  1825 | D:3      | 1825 ||| FLEEEEING.
  1826 | D:3      | 1826 ||| FLEEEEING.
  1827 | D:3      | 1827 ||| FLEEEEING.
  1828 | D:3      | 1828 ||| FLEEEEING.
  1829 | D:3      | 1829 ||| FLEEEEING.
  1830 | D:3      | 1830 ||| FLEEEEING.
  1831 | D:3      | 1831 ||| FLEEEEING.
  1832 | D:3      | 1832 ||| FLEEEEING.
  1833 | D:3      | 1833 ||| FLEEEEING.
  1834 | D:3      | 1834 ||| FLEEEEING.
  1835 | D:3      | 1835 ||| FLEEEEING.
  1836 | D:3      | 1836 ||| FLEEEEING.
  1837 | D:3      | 1837 ||| FLEEEEING.
  1838 | D:3      | 1838 ||| FLEEEEING.
  1838 | D:3      | Noticed Natasha
  1839 | D:3      | 1839 ||| FLEEEEING.
  1840 | D:3      | 1840 ||| FLEEEEING.
  1841 | D:3      | 1841 ||| FLEEEEING.
  1842 | D:3      | 1842 ||| FLEEEEING.
  1843 | D:3      | 1843 ||| FLEEEEING.
  1844 | D:3      | 1844 ||| FLEEEEING.
  1845 | D:3      | 1845 ||| FLEEEEING.
  1846 | D:3      | 1846 ||| STAIRDANCE
  1848 | D:2      | 1848 ||| FLEEEEING.
  1849 | D:2      | 1849 ||| FLEEEEING.
  1850 | D:2      | 1850 ||| FLEEEEING.
  1850 | D:2      | HP: 4/25 [Natasha/magic dart (8)]
  1851 | D:2      | 1851 ||| FLEEEEING.
  1852 | D:2      | 1852 ||| FLEEEEING.
  1852 | D:2      | Slain by a cerulean imp

Levels and vault maps discovered:
D:1:      dpeg_arrival_stone_temple_mockup, layout_loops_ring
D:2:      minmay_evil_eye, layout_loops_ring,
          shapermc_ecumenical_altar_notcrosses, basic_altar
D:3:      minmay_razor_zed, layout_loops_cross, gammafunk_ghost_split,
          nicolae_underground_beach, uniq_ijyb, uniq_sigmund, uniq_natasha,
          uniq_jessica, uniq_crazy_yiuf_cottage

Skill      XL: |  1  2  3  4 |
---------------+-------------+-----
Ranged Weapons | 6 7 8 |  8.2
Fighting       | |  1.5
Dodging        | |  2.4
Stealth        | |  1.2

Action                     |  1- 3 |  4- 6 || total
---------------------------+-------+-------++-------
  Melee: Unarmed           |       |     4 ||     4
   Fire: Shortbow          |   115 |    68 ||   183
    Use: Potion            |     1 |       ||     1
 Armour: Leather armour    |    35 |       ||    35
         Scale mail        |       |    25 ||    25
         Skin              |       |     4 ||     4
  Dodge: Dodged            |    46 |    33 ||    79

Table legend:
 A = Non-vault XP
 B = Vault XP
 C = Vault XP percentage of total XP
 D = Non-vault monster count
 E = Vault monster count
 F = Vault count percentage of total count
                 A         B        C        D         E       F
            +---------+---------+-------+---------+---------+-------
      Total |     123 |      52 |  29.7 |      56 |       4 |   6.7
            +---------+---------+-------+---------+---------+-------
        D:1 |      75 |       0 |   0.0 |      34 |       0 |   0.0
        D:2 |      41 |      17 |  29.3 |      18 |       3 |  14.3
        D:3 |       7 |      35 |  83.3 |       4 |       1 |  20.0
            +---------+---------+-------+---------+---------+-------
